 Dungeon Crawl Stone Soup version 0.27-a0-223-ge082b6e869 (webtiles) character file.

Game seed: 4285923925250868524

288 inqbanana the Distorting Ant (level 6, -8/48 HPs)
             Began as a Formicid Abyssal Knight on Feb 2, 2021.
             Was a Believer of Lugonu.
             Mangled by an ogre
             ... wielding a +0 giant club
              (24 damage)
             ... on level 8 of the Dungeon.
             The game lasted 00:05:20 (3600 turns).

inqbanana the Distorting Ant (FoAK)                 Turns: 3600, Time: 00:05:20

Health: -8/48      AC: 10    Str: 17    XL:     6   Next: 57%
Magic:  9/9        EV:  7    Int: 11    God:    Lugonu [**....]
Gold:   108        SH:  0    Dex: 12    Spells: 5/5 levels left

rFire    . . .     SeeInvis +   a - +1 falchion
rCold    . . .     Faith    .   (no shield)
rNeg     . . .     Spirit   .   c - +1 chain mail
rPois    .         Reflect  .   (helmet unavailable)
rElec    .         Harm     .   (no cloak)
rCorr    .         Rampage  .   (no gloves)
Will     .....                  (no boots)
Stlth    ..........             (no amulet)
HPRegen  0.16/turn              (no ring)
MPRegen  0.11/turn              (no ring)

@: no status effects
A: permanent stasis, dig shafts and tunnels, four strong arms, antennae 3
a: Dig, Shaft Self, Renounce Religion, Depart the Abyss, Bend Space


You were on level 8 of the Dungeon.
You worshipped Lugonu.
Lugonu was pleased with you.
You visited 1 branch of the dungeon, and saw 6 of its levels.
You visited the Abyss 1 time.

You collected 108 gold pieces.

Inventory:

Hand Weapons
 a - a +1 falchion (weapon)
Armour
 c - a +1 chain mail (worn)
Jewellery
 d - an uncursed ring of resist corrosion {unknown}
Wands
 e - a wand of mindburst (15)
Scrolls
 b - a scroll of magic mapping
 h - a scroll of enchant armour
 k - a scroll of immolation {unknown}
 l - 2 scrolls of identify
Potions
 f - 2 potions of resistance
 g - a potion of haste
 i - a potion of curing
 j - a potion of heal wounds


   Skills:
 + Level 3.9 Fighting
 * Level 3.6 Long Blades
 + Level 3.1 Armour
 + Level 2.0 Dodging
 + Level 2.7 Stealth
 * Level 4.1 Invocations


You had 5 spell levels left.
You didn't know any spells.
Your spell library contained the following spells:

 Spells                   Type           Power        Failure   Level
 Magic Dart               Conj           0%           99%         1
 Call Imp                 Summ           0%           100%        2
 Slow                     Hex            0%           100%        2
 Conjure Flame            Conj/Fire      0%           100%        3
 Mephitic Cloud           Conj/Pois/Air  0%           100%        3
 Blink                    Tloc           Unusable     N/A         2

Dungeon Overview and Level Annotations

Branches:
Dungeon (8/15)
 Temple: D:4-7         Lair: D:8-11

Altars:
Hepliaklqana
Ru
Trog
Xom
Yredelemnul


Innate Abilities, Weirdness & Mutations

You cannot be hasted, slowed, berserked, paralysed or teleported.
You can dig through walls and to a lower floor.
Your four strong arms can wield two-handed weapons with a shield.
You have a pair of large antennae on your head. (SInv)


Message History

The ogre hits you with a +0 giant club!
You hit the ogre.
The ogre is moderately wounded.
The ogre hits you with a +0 giant club!
You slash the ogre!
The ogre is severely wounded.
You hit the ogre.
The ogre is severely wounded.
The ogre hits you with a +0 giant club.
You hit the ogre.
The ogre is severely wounded.
The ogre hits you but does no damage.
You hit the ogre.
The ogre is severely wounded.
The ogre hits you with a +0 giant club.
You hit the ogre.
The ogre is almost dead.
The ogre hits you with a +0 giant club!!
Ouch! That really hurt!
You die...

## . .$
..#.###
.......
.....
.>.##
#(.#####..
#@O......
######...


You could see an ogre.

Vanquished Creatures
  A sky beast (D:2)
  Terence (D:3)
  An orc wizard (D:3)
  A hound skeleton (D:7)
  Robin (D:3)
  5 adders
  A worm (D:3)
  A dart slug (D:2)
  3 leopard geckos
  3 orcs (D:3)
  5 giant cockroaches
  5 hobgoblins
  A quokka (D:3)
  4 bats
  2 frilled lizards
  18 goblins
  7 kobolds
  8 rats
68 creatures vanquished.

Vanquished Creatures (others)
  A wizard (D:3)
1 creature vanquished.

Grand Total: 69 creatures vanquished

Notes
Turn   | Place    | Note
-------+----------+-------------------------------------------
     0 | Abyss:1  | inqbanana the Formicid Abyssal Knight began the quest for
                  | the Orb.
     0 | Abyss:1  | Reached XP level 1. HP: 18/18 MP: 2/2
    47 | Abyss:1  | Noticed a sun demon
    48 | Abyss:1  | Noticed a small abomination
    49 | D:1      | Escaped the Abyss
   433 | D:1      | Reached skill level 1 in Dodging
   433 | D:1      | Reached XP level 2. HP: 24/24 MP: 3/3
   436 | D:1      | Reached * piety under Lugonu
   750 | D:1      | Found a basalt altar of Yredelemnul.
   752 | D:1      | Found a basalt altar of Yredelemnul.
   752 | D:1      | Found a sacrificial altar of Ru.
   754 | D:1      | Found a basalt altar of Yredelemnul.
   754 | D:1      | Found a shimmering altar of Xom.
   754 | D:1      | Found a hazy altar of Hepliaklqana.
  1184 | D:2      | Noticed a sky beast
  1188 | D:2      | Reached XP level 3. HP: 29/29 MP: 3/5
  1193 | D:2      | HP: 1/29 [sky beast (5)]
  1205 | D:2      | Killed a sky beast
  1206 | D:2      | Reached skill level 1 in Stealth
  1206 | D:2      | Reached skill level 3 in Invocations
  1206 | D:2      | Reached XP level 4. HP: 14/37 MP: 4/6
  1206 | D:2      | Reached XP level 5. HP: 16/42 MP: 4/7
  2236 | D:3      | Noticed Terence
  2514 | D:3      | Killed Terence
  2520 | D:3      | Noticed Robin
  2543 | D:3      | Killed Robin
  2544 | D:3      | Reached XP level 6. HP: 32/48 MP: 8/8
  2548 | D:3      | Reached ** piety under Lugonu
  2956 | D:3      | Reached skill level 4 in Invocations
  3431 | D:3      | Found a bloodstained altar of Trog.
  3434 | D:3      | Noticed a wizard
  3439 | D:3      | Killed a wizard
  3541 | D:4      | You fall into a shaft and drop 3 floors!
  3586 | D:8      | Noticed an ogre
  3600 | D:8      | Mangled by an ogre

Illustrated notes

Levels and vault maps discovered:
D:1:      minmay_arrival_nine_rooms, layout_basic, grunt_decor_clamped,
          doesnt_xom_only_xom
D:2:      layout_basic
D:3:      layout_basic, hex_medium, trog_wizard, uniq_terence, uniq_robin
D:4:      layout_cave_pools, dancing_weapons_uskayaw, serial_shops, shop,
          kennysheep_generic_room_4, uniq_pikel, uniq_crazy_yiuf_cottage
D:7:      layout_basic, minmay_temple_entry_antechambers, uniq_menkaure
D:8:      layout_rooms, erik_lair_island, minmay_misc_feat_nine_boxes,
          minmay_crystal_water, kennysheep_generic_room_13

Skill      XL: |  1  2  3  4  5  6 |
---------------+-------------------+-----
Dodging        | 1 2 |  2.0
Long Blades    | 3 |  3.6
Stealth        | 1 2 |  2.7
Invocations    | 3 4 |  4.1
Armour         | 3 |  3.1
Fighting       | |  3.9

Action                   |  1- 3 |  4- 6 || total
-------------------------+-------+-------++-------
Melee: Falchion          |    90 |   213 ||   303
Invok: Depart the Abyss  |     1 |       ||     1
       Bend Space        |       |     1 ||     1
 Abil: Shaft Self        |       |     1 ||     1
  Use: Potion            |     1 |     3 ||     4
       Scroll            |       |     9 ||     9
 Stab: Invisible         |       |     3 ||     3
Armor: Chain mail        |    72 |   144 ||   216
Dodge: Dodged            |    35 |    87 ||   122
       Rpst.: Falchion   |    12 |    32 ||    44

Table legend: (Time is in decaauts)
 A = Elapsed time spent in this place.
 B = Non-inter-level travel time spent in this place.
 C = Inter-level travel time spent in this place.
 D = Time resting spent in this place.
 E = Time spent auto-exploring this place.
 F = Levels seen in this place.
 G = Mean time per level.
                   A        B        C        D        E       F      G
               +--------+--------+--------+--------+--------+-----+--------+
         Total |   3646 |   3566 |     80 |    400 |   2341 |   7 |  520.9 |
       Dungeon |   3597 |   3517 |     80 |    400 |   2341 |   6 |  599.5 |
         Abyss |     49 |     49 |      0 |      0 |      0 |   1 |   49.0 |
               +--------+--------+--------+--------+--------+-----+--------+

Top non-repeatable levels by time:
     D:3: 1272 daAuts
     D:2: 1258 daAuts
     D:1: 950 daAuts
     D:4: 55 daAuts
 Abyss:1: 49 daAuts
     D:7: 45 daAuts
     D:8: 15 daAuts
